 Dungeon Crawl Stone Soup version 0.26-b1-32-g5d43845318 (webtiles) character file.

Game seed: 12317647491068659207

338 sanka the Skirmisher (level 6, -4/51 HPs)
             Began as a Mummy Arcane Marksman on Jan 10, 2021.
             Was a Follower of Kikubaaqudgha.
             Killed from afar by an orc wizard (6 damage)
             ... with a magic dart
             ... on level 4 of the Dungeon.
             The game lasted 00:06:50 (5474 turns).

sanka the Skirmisher (Mummy Arcane Marksman)        Turns: 5474, Time: 00:06:51

Health: -4/51      AC:  3    Str: 14    XL:     6   Next: 29%
Magic:  10/10      EV: 12    Int: 13    God:    Kikubaaqudgha [*.....]
Gold:   112        SH:  0    Dex: 13    Spells: 6/11 levels left

rFire    x . .     SeeInvis .   a - +2 quarterstaff (spect)
rCold    + . .     Faith    .   (shield currently unavailable)
rNeg     + + +     Spirit   .   o - +0 robe
rPois    ∞         Reflect  .   p - +0 helmet
rElec    .         Harm     .   (no cloak)
rCorr    .         Rampage  .   (no gloves)
Will     .....                  (no boots)
Stlth    ..........             (no amulet)
HPRegen  0.17/turn              (no ring)
MPRegen  0.12/turn              e - ring of attention

@: about to teleport
A: no potions, fire vulnerability, cold resistance 1, negative energy resistance
3, torment resistance, unbreathing
a: Renounce Religion, Receive Corpses


You were on level 4 of the Dungeon.
You worshipped Kikubaaqudgha.
Kikubaaqudgha was aware of your devotion.
You visited 1 branch of the dungeon, and saw 4 of its levels.

You collected 112 gold pieces.


Innate Abilities, Weirdness & Mutations

You do not drink.
Your flesh is vulnerable to fire.
You are immune to poison.
Your flesh is cold resistant. (rC+)
You are immune to negative energy. (rN+++)
You are immune to unholy pain and torment.
You can survive without breathing.


   Skills:
 - Level 5.2 Fighting
 - Level 2.0 Throwing
 - Level 1.5 Dodging
 - Level 3.0 Spellcasting
 - Level 2.6 Hexes
 + Level 2.2 Necromancy


You had 6 spell levels left.
You knew the following spells:

 Your Spells              Type           Power        Failure   Level
u - Corpse Rot            Necr/Air       N/A          22%         2
y - Animate Skeleton      Necr           14%          10%         1
z - Pain                  Necr           28%          10%         1
Z - Corona                Hex            8%           8%          1

Your spell library contained the following spells:

 Spells                   Type           Power        Failure   Level
 Slow                     Hex            8%           12%         2
 Vampiric Draining        Necr           3%           28%         3
 Inner Flame              Hex/Fire       5%           36%         3
 Portal Projectile        Hex/Tloc       10%          36%         3
 Cause Fear               Hex            4%           58%         4
 Leda's Liquefaction      Hex/Erth       2%           78%         4

Inventory:

Hand Weapons
 a - a +2 spectral quarterstaff (weapon)
 b - a +0 dagger
 i - a +0 short sword
 l - a +0 flail
Missiles
 c - 7 javelins (quivered)
 d - 2 throwing nets {=f}
Armour
 k - a +0 scale mail
 m - a +0 plate armour
 o - a +0 robe (worn)
 p - a +0 helmet (worn)
Jewellery
 e - a ring of attention (right hand)
Scrolls
 f - a scroll of amnesia {unknown}
 g - 3 scrolls of remove curse
 h - 2 scrolls of teleportation {@r4}
 j - 3 scrolls of identify {unknown}
 n - 2 scrolls of noise {unknown}

Dungeon Overview and Level Annotations

Branches:
Dungeon (4/15)
 Temple: D:4-7

Altars:
Kikubaaqudgha
Nemelex Xobeh
Qazlal
Ru

▒▒.▒▒ ▒o▒ ▒(▒
▒.▒▒ ▒▒.▒ ▒
▒▒▒▒▒o▒
▒...o.▒▒
▒...o..▒
▒.M....▒
▒......▒ ▒
▒......▒▒ ▒▒
▒....▒..▒ ▒▒.
▒..▒▒▒..▒ ▒▒▒
▒.. ▒▒▒▒
▒▒.▒▒▒.▒▒▒▒▒..
▒.▒.....▒▒..▒
▒▒▒.........▒▒▒
▒▒...........▒


You could see an orc priest and 2 orc wizards.


Message History

The orc wizard points at you and mumbles some strange words.
The magic dart hits you!
* * * LOW HITPOINT WARNING * * *
Unknown command.
You feel yourself speed up.
Throw: 8 javelins
Aim: an orc wizard, wielding a +0 dagger and wearing a +0 robe You throw a javelin.
The javelin barely misses the orc wizard.
The orc wizard casts a spell.
The orc wizard blinks!
The orc wizard hits you with a +0 dagger.
* * * LOW HITPOINT WARNING * * *
The orc wizard barely misses you.
As you read the scroll labelled GUOWIQA QABBAIPNAC, it crumbles to dust.
You feel as if something is helping you.
It was a scroll of remove curse.
As you read the scroll labelled HEXZUEDEIM, it crumbles to dust.
You feel strangely unstable.
It was a scroll of teleportation.
The orc wizard hits you but does no damage.
The orc wizard hits you with a +0 dagger.
* * * LOW HITPOINT WARNING * * *
The orc wizard gestures at you while chanting.
The magic dart hits you!
* * * LOW HITPOINT WARNING * * *
The orc wizard points at you and mumbles some strange words.
The magic dart hits you.
You die...
Kikubaaqudgha rasps: "You have failed me!
Welcome... oblivion!"

Action                   |  1- 3 |  4- 6 || total
-------------------------+-------+-------++-------
Melee: Dagger            |   140 |       ||   140
       Unarmed           |     1 |       ||     1
       Short sword       |    24 |   210 ||   234
       Flail             |       |    73 ||    73
       Quarterstaff      |       |    42 ||    42
Throw: Javelin           |     3 |     6 ||     9
  Use: Scroll            |       |     2 ||     2
 Stab: Sleeping          |     1 |       ||     1
Armor: Robe              |    56 |    11 ||    67
       Scale mail        |       |   121 ||   121
       Plate armour      |       |    38 ||    38
Dodge: Dodged            |   126 |   201 ||   327

Levels and vault maps discovered:
D:1:      tarquinn_simple_flora_water_e, layout_rooms
D:2:      layout_loops_ring, kennysheep_vampire_church, lemuel_round_altar,
          kennysheep_cross_room, uniq_jessica
D:3:      layout_basic, serial_undead, serial_undead_b, serial_undead_e,
          serial_undead_f, serial_undead_a
D:4:      cheibrodos_barr_body, layout_cave_pods, lemuel_crystal_altar,
          nicolae_ru_awakened_eye, marbit_many_paths, uniq_sigmund

Notes
Turn   | Place    | Note
-------+----------+-------------------------------------------
     0 | D:1      | sanka the Mummy Arcane Marksman began the quest for the
                  | Orb.
     0 | D:1      | Reached XP level 1. HP: 15/15 MP: 2/2
   478 | D:1      | Reached XP level 2. HP: 13/21 MP: 4/4
   587 | D:1      | Reached skill level 2 in Throwing
   777 | D:1      | Reached skill level 2 in Fighting
  1593 | D:1      | Reached XP level 3. HP: 22/28 MP: 5/5
  1832 | D:2      | Reached skill level 3 in Fighting
  1918 | D:2      | Found a stormy altar of Qazlal.
  2070 | D:2      | Noticed Jessica
  2082 | D:2      | Killed Jessica
  2083 | D:2      | Reached XP level 4. HP: 30/36 MP: 6/6
  2215 | D:2      | Reached skill level 4 in Fighting
  3468 | D:2      | Reached XP level 5. HP: 38/43 MP: 7/7
  3702 | D:2      | Found an ancient bone altar of Kikubaaqudgha.
  3886 | D:2      | Became a worshipper of Kikubaaqudgha
  4453 | D:3      | Reached skill level 5 in Fighting
  4880 | D:3      | Reached * piety under Kikubaaqudgha
  4880 | D:3      | Identified Kikubaaqudgha's Volume of Evil Rituals
                  | (Kikubaaqudgha gifted it to you on level 3 of the Dungeon)
  4880 | D:3      | Received a gift from Kikubaaqudgha
  4894 | D:3      | Learned a level 1 spell: Pain
  4896 | D:3      | Learned a level 1 spell: Animate Skeleton
  4899 | D:3      | Learned a level 2 spell: Corpse Rot
  5060 | D:4      | Found a sparkling altar of Nemelex Xobeh.
  5094 | D:4      | Noticed a phantom
  5107 | D:4      | Killed a phantom
  5108 | D:4      | Reached skill level 2 in Spellcasting
  5108 | D:4      | Reached skill level 1 in Necromancy
  5108 | D:4      | Reached XP level 6. HP: 34/51 MP: 7/9
  5222 | D:4      | Found a sacrificial altar of Ru.
  5411 | D:4      | Reached skill level 3 in Spellcasting
  5411 | D:4      | Reached skill level 2 in Necromancy
  5474 | D:4      | HP: 2/51 [orc wizard/magic dart (7)]
  5474 | D:4      | Killed from afar by an orc wizard

Vanquished Creatures
  A phantom (D:4)
  An orc wizard (D:4)
  Jessica (D:2)
  A worker ant (D:4)
  A worker ant zombie (D:3)
  6 adders (D:2)
  4 worms
  A dart slug (D:1)
  4 leopard geckos
  6 orcs
  A ball python (D:1)
  4 bat skeletons (D:2)
  A bat zombie (D:2)
  3 giant cockroaches
  14 goblins
  10 hobgoblins
  A quokka (D:3)
  7 bats
  3 frilled lizards
  A giant cockroach zombie (D:3)
  3 kobolds
  A leopard gecko skeleton (D:3)
  A quokka zombie (D:3)
  12 rats
88 creatures vanquished.

Vanquished Creatures (others)
  10 withered plants (D:3)
10 creatures vanquished.

Grand Total: 98 creatures vanquished

Table legend: (Time is in decaauts)
 A = Elapsed time spent in this place.
 B = Non-inter-level travel time spent in this place.
 C = Inter-level travel time spent in this place.
 D = Time resting spent in this place.
 E = Time spent auto-exploring this place.
 F = Levels seen in this place.
 G = Mean time per level.
                   A        B        C        D        E       F      G
               +--------+--------+--------+--------+--------+-----+--------+
         Total |   5563 |   5262 |    301 |   2500 |   1778 |   4 | 1390.8 |
       Dungeon |   5563 |   5262 |    301 |   2500 |   1778 |   4 | 1390.8 |
               +--------+--------+--------+--------+--------+-----+--------+

Top non-repeatable levels by time:
     D:2: 2230 daAuts
     D:1: 1722 daAuts
     D:3: 1199 daAuts
     D:4: 411 daAuts
